 Dungeon Crawl Stone Soup version 0.24-a0-271-ga0fc33f (webtiles) character file.

Game seed: 3450705828708640535

343 Gunnerkreig the Sneak (level 6, -7/39 HPs)
             Began as an Octopode Wizard on Apr 24, 2019.
             Mangled by an ogre
             ... wielding a cursed +0 giant club
              (33 damage)
             ... on level 4 of the Dungeon.
             The game lasted 00:09:45 (4519 turns).

Gunnerkreig the Sneak (Octopode Wizard)             Turns: 4519, Time: 00:09:45

Health: -7/39      AC:  3    Str:  7    XL:     6   Next: 57%
Magic:  1/12       EV: 13    Int: 22    God:
Gold:   262        SH:  0    Dex: 10    Spells: 2/13 levels left

rFire    . . .     SeeInvis .   o - +1 trident
rCold    . . .     Gourm    .   (no shield)
rNeg     . . .     Faith    .   b - +2 hat
rPois    .         Spirit   .   (no amulet)
rElec    .         Reflect  .   (no ring)
rCorr    .         Harm     .   (no ring)
MR       .....                  (no ring)
Stlth    ++++......             (no ring)
HPRegen  0.13/turn              (no ring)
MPRegen  0.13/turn              (no ring)
                                (no ring)
                                (no ring)

@: very slightly contaminated
A: almost no armour, stealthy swim, amphibious, 8 rings, constrict 8, camouflage
1, gelatinous body 1
a: no special abilities


You were on level 4 of the Dungeon.
You were not hungry.

You visited 1 branch of the dungeon, and saw 4 of its levels.
You also visited: Sewer.

You collected 262 gold pieces.

Inventory:

Hand Weapons
 d - a +0 short sword
 o - a +1 trident (weapon)
Missiles
 a - 133 stones (quivered)
 l - 22 sling bullets
 w - a throwing net
Armour
 b - a +2 hat (worn)
Scrolls
 e - 2 scrolls of enchant weapon
 n - a scroll of enchant armour
Potions
 f - a potion of mutation {unknown}
 g - 5 potions of curing
 i - a potion of agility {unknown}
 j - 2 potions of lignification
 k - 2 potions of might
 m - 3 potions of flight
 p - 2 potions of heal wounds {unknown}
 q - a potion of berserk rage {unknown}
 r - a potion of haste {unknown}
 s - a potion of brilliance {unknown}
 u - a potion of magic
Comestibles
 c - 10 rations


   Skills:
 - Level 2.0 Fighting
 - Level 2.0 Dodging
 - Level 5.0 Stealth
 - Level 4.0 Spellcasting
 * Level 4.3 Conjurations
 - Level 1.0 Summonings
 - Level 1.0 Translocations


You had 2 spell levels left.
You knew the following spells:

 Your Spells              Type           Power        Failure   Level  Hunger
a - Magic Dart            Conj           ###.         1%          1    None
b - Conjure Flame         Conj/Fire      ##......     14%         3    ###....
c - Mephitic Cloud        Conj/Pois/Air  ##......     19%         3    ###....
w - Call Imp              Summ           #.......     11%         2    #......
y - Blink                 Tloc           N/A          11%         2    #......

Your spell library contained the following spells:

 Spells                   Type           Power        Failure   Level  Hunger
 Slow                     Hex            #.......     17%         2    #......


Dungeon Overview and Level Annotations

Branches:
Dungeon (4/15)
 Temple: D:4-7

Altars:
The Shining One

Annotations:
D:4 Grinder


Innate Abilities, Weirdness & Mutations

You cannot wear most types of armour.
You are very stealthy in the water. (Stealth+)
You are amphibious.
You can wear up to eight rings at the same time.
You can use your tentacles to constrict eight enemies at once.
Your skin changes colour to match your surroundings (Stealth+).
Your rubbery body absorbs attacks. (AC +1, EV +1)


Message History

The ogre is severely wounded.
The ogre is engulfed in noxious fumes.
The ogre appears confused.
The ogre cries.
The ogre is engulfed in noxious fumes.
The ogre appears confused.
The ogre says, "I'm a little confused."
No target in view!
Things that are here:
a +0 leather armour; a +0 dagger Attack whom?
Press: ? - help, Dir - move target cursor, f/p - ogre
Aim: an ogre, wielding a +0 giant club (severely wounded, confused)
You reach to attack!
You hit the ogre but do no damage.
The ogre is severely wounded.
Grinder says, "There's only one good use for a tongue: cutting it out."
You hit the ogre.
The ogre is almost dead.
The ogre laughs crazily.
The ogre hits you with a cursed +0 giant club!!
Ouch! That really hurt!
You die...

#[...h..#.##.##%.
###.#)........#..
#.###.....#.).. #.#
##.5....... #.#
##........ #.# #o.....(.
#.# #.5......
#.#####....†...
##.#.[@O...#....
#<...###........
.#########..#####...##...
..................### ..
.............###.## .
##..##<####.# . #....#
..... #.#.## ..## .. #.
..#


You could see Grinder and an ogre (confused).

Vanquished Creatures
  An ogre (D:3)
  A hound (D:4)
  3 orc wizards (D:3)
  5 adders
  2 oozes
  A dart slug (D:2)
  2 leopard geckos
  11 orcs
  A giant cockroach (D:2)
  4 goblins
  7 hobgoblins
  9 jackals
  2 quokkas (D:2)
  8 ball pythons
  10 bats
  7 frilled lizards
  13 kobolds
  A quokka skeleton (D:4)
  3 rats
  4 plants (Sewer)
95 creatures vanquished.

Notes
Turn   | Place    | Note
-------+----------+-------------------------------------------
     0 | D:1      | Gunnerkreig the Octopode Wizard began the quest for the
                  | Orb.
     0 | D:1      | Reached XP level 1. HP: 11/11 MP: 4/4
   134 | D:1      | Reached XP level 2. HP: 18/18 MP: 3/6
   172 | D:1      | Reached skill level 3 in Stealth
  1036 | D:2      | Reached XP level 3. HP: 16/22 MP: 0/7
  1102 | D:2      | Learned a level 3 spell: Conjure Flame
  1106 | D:2      | Learned a level 3 spell: Mephitic Cloud
  1245 | D:2      | Reached skill level 1 in Fighting
  1261 | D:2      | Found a glowing golden altar of the Shining One.
  2030 | D:3      | Noticed an ogre
  2162 | D:3      | Reached XP level 4. HP: 27/28 MP: 4/8
  2320 | D:3      | Found a glowing drain.
  2332 | Sewer    | Entered a sewer
  2803 | Sewer    | Reached skill level 4 in Stealth
  3463 | D:3      | Reached XP level 5. HP: 21/34 MP: 3/10
  3817 | D:3      | Killed an ogre
  3817 | D:3      | Reached XP level 6. HP: 39/39 MP: 4/11
  4348 | D:4      | Learned a level 2 spell: Blink
  4351 | D:4      | Learned a level 2 spell: Call Imp
  4363 | D:4      | Reached skill level 5 in Stealth
  4380 | D:4      | Noticed Grinder
  4388 | D:4      | Paralysed by Grinder for 6 turns
  4519 | D:4      | Mangled by an ogre

Levels and vault maps discovered:
D:1:      lemuel_arrival_cross, layout_loops_ring, kennysheep_small_spiral
D:2:      layout_basic, tso_metal_star
D:3:      layout_loops_ring, nicolae_overflow_hidden_temple,
          portal_sewer_entry_e, first_ration
D:4:      layout_rooms, st_stairs_1, minmay_ruptured, uniq_grinder
Sewer:    sewer_co_scattered_pipes

Skill      XL: |  1  2  3  4  5  6 |
---------------+-------------------+-----
Stealth        | 3 4 5 |  5.0
Conjurations   | 2 3 4 |  4.3
Fighting       | 1 2 |  2.0
Spellcasting   | 4 |  4.0
Dodging        | |  2.0
Summonings     | |  1.0
Translocations | |  1.0

Action                   |  1- 3 |  4- 6 || total
-------------------------+-------+-------++-------
Melee: Unarmed           |     6 |       ||     6
       Constrict         |     4 |    14 ||    18
       Short sword       |    15 |       ||    15
       Trident           |     7 |   143 ||   150
       Tentacles         |       |    25 ||    25
Throw: Stone             |       |     2 ||     2
 Cast: Magic Dart        |    59 |    86 ||   145
       Conjure Flame     |       |     5 ||     5
       Mephitic Cloud    |       |     3 ||     3
  Use: Scroll            |     5 |     5 ||    10
 Stab: Sleeping          |     5 |     1 ||     6
  Eat: Chunk             |     4 |     8 ||    12
Armor: Skin              |     8 |    12 ||    20
Dodge: Dodged            |    21 |    53 ||    74

Table legend:
 A = Non-vault XP
 B = Vault XP
 C = Vault XP percentage of total XP
 D = Non-vault monster count
 E = Vault monster count
 F = Vault count percentage of total count
                 A         B        C        D         E       F
            +---------+---------+-------+---------+---------+-------
      Total |     425 |      65 |  13.3 |      70 |      21 |  23.1
            +---------+---------+-------+---------+---------+-------
        D:1 |      23 |       0 |   0.0 |      12 |       0 |   0.0
        D:2 |      51 |       0 |   0.0 |      19 |       0 |   0.0
        D:3 |     292 |       0 |   0.0 |      31 |       0 |   0.0
        D:4 |      59 |       0 |   0.0 |       8 |       0 |   0.0
      Sewer |       0 |      65 | 100.0 |       0 |      21 | 100.0
            +---------+---------+-------+---------+---------+-------
